Map: Sludge City

Players

FluffyRoach

  • Race: Zerg Zerg
  • League: Diamond
  • Spawn Location: 5:00

Cerbs

  • Race: Terran Terran
  • League: Diamond
  • Spawn Location: 5:00

JohnMcClane

  • Race: Protoss Protoss
  • League: Gold
  • Spawn Location: 9:00

Hindulaatti

  • Race: Zerg Zerg
  • League: Diamond
  • Spawn Location: 11:00

VOD

Have the link to the VOD?

Description

Time

  • Played on: Feb. 8, 2016, 4:42 p.m.
  • Length: 12:14
Show
View Real Time Build Order
Export as new Build Order

FluffyRoach Zerg 

Build Orders: Hatch First, Lurkers 

Get SALT Encoding   

  12  0:03  Drone  
  13  0:13  Overlord  
  13  0:18  Drone  
  14  0:31  Drone x2  
  16  0:36  Drone  
  17  0:55  Hatchery  
  16  0:59  Drone  
  16  1:02  Extractor  
  16  1:03  Drone  
  17  1:18  Spawning Pool  
  16  1:20  Drone  
  17  1:30  Drone x2  
  19  1:41  Drone  
  20  1:52  Overlord  
  20  2:05  Queen  
  20  2:06  Queen  
  24  2:16  Metabolic Boost  
  24  2:21  Zergling x4  
  26  2:24  Zergling x2  
  26  2:27  Zergling x2  
  28  2:37  Zergling x2, Baneling Nest  
  28  2:38  Zergling x2  
  29  2:44  Overlord  
  29  2:53  Zergling x6  
  32  3:03  Overlord  
  32  3:05  Zergling x2  
  33  3:18  Overlord x2  
  33  3:30  Drone  
  33  3:31  Drone  
  33  3:32  Drone x5  
  40  3:40  Zergling x2  
  31  3:45  Baneling  
  31  3:48  Zergling x8  
  33  3:49  Zergling x4  
  36  4:10  Zergling x4  
  36  4:11  Zergling x6  
  41  4:22  Zergling x6  
  41  4:23  Zergling x6  
  46  4:25  Baneling  
  46  4:26  Lair, Baneling x2  
  46  4:28  Drone  
  40  5:00  Zergling x6  
  40  5:01  Zergling x12  
  49  5:14  Hatchery  
  49  5:18  Zergling x4  
  49  5:34  Evolution Chamber, Drone x3, Extractor  
  49  5:35  Roach Warren  
  49  5:36  Drone  
  50  5:48  Drone x3  
  53  5:51  Extractor  
  53  5:55  Drone  
  53  5:56  Drone x4, Evolution Chamber  
  56  5:57  Evolution Chamber  
  56  6:00  Baneling x4  
  55  6:14  Drone, Glial Reconstitution  
  55  6:16  Drone  
  55  6:17  Drone x2  
  61  6:18  Drone x2  
  61  6:20  Extractor  
  61  6:30  Zerg Missile Weapons Level 1  
  61  6:31  Zerg Ground Armor Level 1, Queen  
  63  6:33  Drone x3  
  63  6:37  Drone x2  
  63  6:38  Drone x2  
  69  6:51  Drone  
  69  6:52  Drone x6  
  69  7:10  Roach  
  69  7:11  Roach, Extractor  
  69  7:12  Roach, Extractor  
  69  7:13  Overlord x2  
  73  7:22  Drone  
  74  7:24  Overlord x3  
  74  7:29  Hydralisk Den  
  73  7:35  Drone x2  
  73  7:36  Drone x3  
  78  7:37  Drone x3  
  78  7:39  Drone  
  78  7:40  Drone x2  
  84  7:48  Roach x3  
  90  7:52  Roach  
  90  7:53  Roach x5  
  90  7:58  Drone  
  103  8:02  Lurker Den  
  103  8:08  Roach x3  
  103  8:12  Ravager x2  
  111  8:13  Ravager x2, Hatchery  
  111  8:17  Overlord x3  
  111  8:18  Overlord x2  
  112  8:29  Overseer, Pneumatized Carapace  
  112  8:32  Roach  
  114  8:34  Extractor x2  
  114  8:36  Zerg Ground Armor Level 2, Zerg Missile Weapons Level 2  
  112  8:46  Hydralisk x3  
  112  8:47  Hydralisk  
  111  9:01  Hydralisk x3  
  111  9:02  Hydralisk x2  
  121  9:15  Hydralisk  
  121  9:16  Hydralisk x3  
  129  9:25  Overseer  
  129  9:30  Lurker x2  
  131  9:34  Drone, Queen  
  131  9:35  Drone x4  
  138  9:40  Lurker x2  
  140  9:48  Drone x3  
  140  9:49  Drone  
  144  9:57  Hydralisk x2  
  150  10:00  Lurker x3  
  150  10:02  Hatchery  
  150  10:03  Roach  
  150  10:04  Roach x4  
  160  10:08  Overlord x4  
  160  10:21  Overlord x2  
  160  10:26  Infestation Pit  
  152  10:48  Hydralisk x2  
  152  10:49  Hydralisk x3  
  155  10:51  Roach x2  
  155  10:52  Roach x10  
  169  11:10  Roach x9  
  169  11:11  Roach  
  161  11:27  Roach x4  
  161  11:28  Roach x4  
  161  11:32  Overseer x2  
  167  11:50  Roach  
  167  11:51  Roach x8  
Show
View Real Time Build Order
Export as new Build Order

Cerbs Terran 

Build Orders: MMM Bio 

Get SALT Encoding   

  12  0:02  SCV  
  13  0:14  SCV  
  14  0:18  Supply Depot  
  14  0:26  SCV  
  15  0:40  SCV  
  15  0:42  Barracks  
  16  0:52  SCV  
  17  1:04  SCV  
  18  1:16  SCV  
  19  1:32  Bunker, Marine  
  20  1:50  Marine  
  21  2:07  Marine  
  22  2:13  SCV  
  23  2:44  Marine  
  23  3:20  Supply Depot  
  23  3:22  Orbital Command  
  23  3:25  Command Center  
  23  3:41  Marine  
  24  3:50  SCV  
  25  3:58  Barracks  
  25  3:59  Marine, Barracks  
  25  4:02  Supply Depot  
  18  4:17  Marine  
  18  4:23  SCV  
  17  4:35  Refinery, Marine, SCV  
  17  4:36  Refinery  
  19  4:38  Orbital Command  
  19  4:48  SCV  
  19  4:49  Marine x2  
  22  4:55  Marine  
  23  5:00  SCV  
  23  5:06  Marine x2  
  25  5:10  SCV  
  25  5:12  SCV  
  29  5:16  Barracks Tech Lab  
  28  5:22  SCV  
  28  5:24  SCV  
  28  5:25  Supply Depot  
  28  5:28  Marine x2  
  32  5:34  SCV  
  33  5:36  SCV  
  34  5:43  Command Center, Marine  
  34  5:46  Marine, SCV  
  34  5:47  Marine  
  34  5:48  SCV  
  39  5:54  Stimpack  
  39  5:59  SCV  
  39  6:00  SCV  
  39  6:01  Marine  
  42  6:06  Factory  
  42  6:11  SCV  
  43  6:12  SCV  
  43  6:14  Marine  
  43  6:15  Marine  
  46  6:19  Marauder  
  46  6:21  Engineering Bay  
  46  6:23  SCV  
  49  6:26  SCV  
  49  6:32  Marine  
  50  6:34  Barracks Reactor  
  50  6:35  SCV  
  50  6:38  SCV  
  53  6:44  Supply Depot  
  53  6:47  SCV  
  53  6:51  SCV  
  53  6:52  Marauder, Marine  
  58  6:55  Missile Turret  
  58  6:57  Missile Turret  
  58  6:59  Orbital Command, SCV  
  59  7:03  SCV  
  59  7:04  Starport  
  59  7:05  Factory Reactor  
  60  7:10  Supply Depot  
  60  7:11  SCV  
  60  7:15  SCV  
  62  7:17  Missile Turret  
  62  7:21  Marine x3, Barracks Reactor  
  65  7:23  SCV  
  65  7:26  SCV  
  65  7:27  SCV  
  68  7:30  Terran Infantry Weapons Level 1  
  68  7:33  Supply Depot  
  68  7:35  SCV  
  69  7:38  SCV  
  69  7:39  Marine x2, SCV  
  69  7:40  Marauder  
  69  7:43  Supply Depot  
  75  7:56  Marine, Engineering Bay  
  75  7:57  Medivac x2, Marine  
  75  7:58  Marine x2  
  81  8:00  Combat Shields  
  83  8:07  Marauder, Supply Depot  
  83  8:08  Supply Depot, SCV x3  
  88  8:14  Marine x2  
  88  8:16  Missile Turret  
  90  8:20  SCV x3  
  90  8:22  Marine x2  
  90  8:25  Barracks  
  95  8:27  Barracks x2  
  95  8:29  Marauder  
  95  8:30  Armory  
  95  8:32  Marine x2, SCV x2  
  101  8:38  SCV  
  101  8:40  Marine x2  
  104  8:44  SCV  
  105  8:51  SCV x2  
  103  8:56  SCV  
  103  8:57  Marauder, Marine  
  100  9:03  SCV  
  100  9:05  Supply Depot x2, SCV  
  100  9:06  Factory Tech Lab  
  100  9:07  Supply Depot  
  100  9:08  Medivac  
  104  9:15  Refinery  
  104  9:16  Refinery  
  104  9:18  Concussive Shells, SCV  
  104  9:20  Refinery  
  104  9:23  Barracks Reactor x2  
  105  9:35  Marauder, Marine  
  105  9:36  Marine x2  
  105  9:37  Marine  
  112  9:39  Barracks Tech Lab  
  103  9:52  Marine  
  101  9:53  Marine  
  101  9:54  Missile Turret, Marine  
  101  9:55  Marine  
  101  9:56  Marine  
  106  10:09  Marine x2  
  106  10:10  Marine  
  106  10:11  Marine  
  86  10:22  Marauder x2, Marine  
  86  10:23  SCV  
  86  10:27  Supply Depot  
  92  10:28  Supply Depot  
  92  10:29  Supply Depot  
  92  10:31  Siege Tank  
  92  10:32  Marine x4  
  92  10:33  Marine x2  
  101  10:43  Marauder, SCV x2  
  101  10:47  Marauder  
  101  10:48  Command Center  
  107  10:50  Marine x2  
  107  10:51  Marine x4  
  107  10:52  Marine  
  114  10:59  Missile Turret x2  
  114  11:04  Marauder  
  114  11:08  Marauder, Siege Tank  
  114  11:09  Command Center  
  121  11:23  Marine  
  121  11:24  Marine x3  
  125  11:26  Marauder  
  125  11:29  Marauder  
  125  11:32  Marine x4  
  122  11:47  Marauder  
  122  11:51  Marauder  
Show
View Real Time Build Order
Export as new Build Order

JohnMcClane Protoss 

Build Orders: Cannon Rush 

Get SALT Encoding   

  12  0:01  Probe (Chrono Boost)  
  13  0:12  Probe (Chrono Boost)  
  14  0:19  Pylon  
  14  0:23  Probe (Chrono Boost)  
  15  0:37  Probe (Chrono Boost)  
  15  0:40  Forge  
  16  0:48  Probe (Chrono Boost)  
  17  1:12  Probe (Chrono Boost)  
  17  1:15  Pylon  
  17  1:17  Pylon  
  18  1:19  Pylon  
  18  1:33  Photon Cannon  
  18  1:35  Photon Cannon  
  18  1:42  Photon Cannon  
  18  2:05  Gateway  
  18  2:06  Assimilator  
  18  2:11  Assimilator, Pylon  
  17  2:31  Photon Cannon  
  17  2:32  Photon Cannon  
  17  2:34  Photon Cannon  
  17  2:36  Pylon  
  16  2:46  Probe (Chrono Boost)  
  17  2:52  Cybernetics Core  
  17  2:57  Probe (Chrono Boost)  
  18  3:17  Nexus  
  18  3:18  Zealot  
  20  3:22  Pylon  
  20  3:31  Mothership Core (Chrono Boost)  
  22  3:35  Pylon  
  22  3:41  Photon Cannon  
  22  3:45  Warp Gate (Chrono Boost)  
  22  3:57  Probe  
  23  4:09  Probe  
  24  4:10  Gateway  
  24  4:11  Gateway  
  24  4:22  Probe  
  25  4:27  Photon Cannon  
  25  4:40  Twilight Council  
  25  4:46  Probe  
  26  5:01  Probe, Gateway  
  27  5:24  Probe  
  27  5:28  Pylon  
  28  5:30  Dark Shrine  
  28  5:32  Probe  
  29  5:42  Gateway  
  29  5:43  Pylon  
  29  5:46  Pylon, Probe  
  29  5:47  Probe  
  29  5:48  Photon Cannon  
  31  5:52  Sentry  
  33  5:58  Probe  
  33  5:59  Probe  
  35  6:10  Probe  
  36  6:14  Sentry  
  36  6:15  Zealot x3  
  36  6:16  Probe  
  45  6:20  Assimilator  
  45  6:29  Photon Cannon  
  45  6:31  Probe  
  45  6:56  Pylon  
  45  7:02  Protoss Ground Weapons Level 1 (Chrono Boost)  
  45  7:08  Pylon  
  45  7:13  Pylon  
  45  7:14  Stalker x3  
  51  7:25  Gateway  
  51  7:35  Probe  
  52  7:45  Stalker  
  52  7:46  Stalker x4  
  62  8:07  Charge (Chrono Boost)  
  62  8:27  Zealot x4  
  62  8:28  Zealot  
  40  9:04  Protoss Ground Weapons Level 2  
  40  9:05  Stalker x4  
  40  9:06  Stalker x2  
  50  9:14  Gateway  
  50  9:15  Gateway  
  50  9:18  Gateway  
  50  9:29  Dark Templar x4  
  56  10:00  Stalker x2  
  56  10:02  Zealot x4  
  68  10:20  Pylon  
  68  10:23  Pylon  
  68  10:27  Dark Templar x3  
  64  10:53  Dark Templar  
  56  11:13  Zealot x2  
  56  11:14  Zealot x2  
  52  11:32  Gateway  
  48  11:33  Pylon  
  48  11:34  Dark Templar  
  48  11:35  Zealot  
  33  12:03  Zealot x3  
Show
View Real Time Build Order
Export as new Build Order

Hindulaatti Zerg 

Build Orders: Pool First, Lurkers, Zergling Baneling 

Get SALT Encoding   

  12  0:01  Drone  
  13  0:15  Drone  
  13  0:20  Extractor x2  
  12  0:23  Drone x2  
  16  0:42  Spawning Pool  
  15  0:51  Extractor  
  14  1:06  Overlord  
  14  1:20  Hatchery  
  13  1:29  Zergling x6  
  16  1:44  Zergling x2  
  17  1:54  Metabolic Boost  
  17  1:55  Zergling x2  
  18  2:07  Zergling x2  
  19  2:15  Zergling x2, Baneling Nest  
  20  2:19  Queen  
  20  2:30  Zergling x2  
  21  2:42  Zergling x4  
  19  2:53  Zergling x4  
  21  3:05  Zergling x2  
  20  3:16  Baneling x2  
  20  3:19  Zergling x4  
  22  3:29  Baneling  
  22  3:30  Baneling  
  21  3:43  Baneling x2  
  21  3:44  Baneling  
  21  3:45  Baneling  
  21  3:47  Zergling x2  
  21  3:48  Zergling x6  
  25  3:52  Drone  
  24  4:20  Zergling x2  
  24  4:21  Zergling x10  
  27  4:24  Baneling x2  
  27  4:25  Baneling x2  
  27  4:33  Drone  
  27  4:35  Baneling  
  27  4:50  Drone  
  22  5:10  Zergling x2  
  22  5:11  Zergling x12  
  22  5:13  Baneling x3  
  28  5:23  Overlord  
  28  5:32  Baneling  
  28  5:33  Baneling  
  28  5:36  Extractor  
  28  5:39  Drone  
  28  5:41  Overlord, Roach Warren  
  27  5:45  Baneling  
  27  6:02  Drone x5  
  31  6:13  Drone x3  
  34  6:20  Drone  
  35  6:32  Drone  
  36  6:33  Drone x3  
  36  6:39  Queen  
  41  6:40  Drone x3  
  41  6:42  Overlord  
  41  6:46  Lair  
  42  7:08  Drone  
  42  7:09  Drone x7  
  50  7:19  Drone  
  50  7:20  Overlord  
  51  7:40  Extractor  
  51  7:43  Extractor  
  49  7:46  Glial Reconstitution  
  49  7:49  Hydralisk Den  
  49  7:50  Roach x6  
  60  8:01  Centrifical Hooks  
  60  8:04  Hatchery  
  59  8:09  Drone  
  59  8:11  Overlord x2  
  60  8:31  Hydralisk  
  60  8:32  Hydralisk x5  
  72  8:35  Roach  
  72  8:36  Zergling x4  
  61  8:54  Roach x6  
  69  9:03  Hydralisk  
  69  9:07  Baneling x2  
  69  9:08  Baneling x2  
  71  9:10  Zergling x2  
  71  9:11  Zergling x2  
  73  9:19  Drone  
  73  9:20  Drone x2  
  76  9:33  Drone  
  76  9:34  Drone x4  
  81  9:41  Overlord x3  
  81  9:46  Lurker Den  
  81  9:54  Overlord x3  
  81  10:04  Hydralisk, Queen  
  81  10:05  Hydralisk x2  
  89  10:21  Hydralisk x4  
  89  10:56  Hydralisk  
  89  10:57  Hydralisk x10  
  100  11:15  Lurker x3  
  98  11:23  Lurker  
  51  12:01  Lurker  
  51  12:02  Lurker x2  
Tags
 
Add a new tag
Caveats
  • Supply blocks, unpowered buildings, or Contaminate may cause inaccurate times.
  • Supply counts are checked every 10 seconds.